AoeStats
← el kalisteiro

Arena

504883964Analyzed
4v4 RM · 2mo ago on Sep 6, 2026· 61m 0s· 8 players
Game mode
Random Map
Map size
Large (8 player)
Population
200
Speed
Normal
Resources
Standard
Victory
Conquest
Starting age
Dark Age
Ending age
Imperial Age
RankedLock teamsTeams togetherTeam positionsShared explorationLock speedFull tech treeHidden civsTurbo modeCheats
Victory
Defeat
🇧🇷 Romans · Brazil
703
+21
🇹🇷 Persians · Türkiye
687
+21
🇧🇷 Celts · Brazil
572
+25
🇧🇷 Malay · Brazil
571
+25
vs
🇺🇸 Slavs · United States
852
-25
🇧🇴 Celts · Bolivia
797
-23
🇧🇴 Romans · Bolivia
780
-22
🇧🇴 Japanese · Bolivia
773
-22
Poexs
2:51 Loom
12:26 Feudal Age
17:42 Castle Age
15:58 Horse Collar
16:16 Double-Bit Axe
17:14 Stone Mining
17:14 Gold Mining
18:19 Bow Saw
24:05 Gold Shaft Mining
24:05 Stone Shaft Mining
24:55 Stone Shaft Mining
24:14 Town Watch
26:10 Scale Barding Armor
26:34 Forging
28:00 Wheelbarrow
34:19 Imperial Age
32:10 Hand Cart
31:56 Town Patrol
33:05 Chain Barding Armor
33:22 Iron Casting
35:14 Conscription
34:54 Elite War Elephant
37:57 Plate Barding Armor
38:23 Blast Furnace
38:36 Bloodlines
38:27 Husbandry
38:28 Onager
40:21 Two-Man Saw
39:27 Heavy Plow
41:57 Caravan
43:33 Chemistry
42:59 Ballistics
43:15 Capped Ram
46:12 Siege Ram
el kalisteiro
11:57 Feudal Age
12:43 Double-Bit Axe
15:10 Town Watch
16:01 Wheelbarrow
16:09 Man-at-Arms
23:37 Castle Age
22:10 Scale Barding Armor
22:16 Forging
24:10 Light Cavalry
27:34 Bow Saw
27:47 Town Patrol
29:48 Fervor
29:59 Sanctity
31:30 Chain Barding Armor
31:46 Iron Casting
35:36 Caravan
36:06 Coinage
36:23 Husbandry
37:02 Hand Cart
38:49 Stone Mining
41:33 Imperial Age
41:23 Horse Collar
41:57 Hussar
45:19 Murder Holes
46:26 Chemistry
45:46 Ballistics
45:38 Masonry
45:13 Treadmill Crane
46:34 Chemistry
45:45 Masonry
45:23 Arrowslits
45:28 Guard Tower
50:03 Stronghold
51:09 Stone Shaft Mining
55:10 Elite Woad Raider
GASLord
11:52 Feudal Age
17:02 Castle Age
16:03 Horse Collar
16:11 Double-Bit Axe
16:21 Stone Mining
18:25 Man-at-Arms
21:59 Gold Mining
22:12 Long Swordsman
29:53 Wheelbarrow
30:58 Gold Shaft Mining
34:18 Imperial Age
31:51 Heavy Plow
32:10 Bow Saw
34:35 Murder Holes
36:13 Hand Cart
39:45 Heavy Scorpion
40:30 Squires
41:34 Pikeman
43:46 Chemistry
43:33 Forging
45:38 Town Watch
46:47 Iron Casting
46:03 Fletching
46:15 Padded Archer Armor
46:58 Crop Rotation
46:34 Town Patrol
46:20 Loom
47:21 Capped Ram
48:33 Scale Mail Armor
48:56 Masonry
48:57 Fortified Wall
48:53 Siege Engineers
50:23 Architecture
50:25 Siege Ram
54:53 Halberdier
55:52 Elite Centurion
59:20 Chain Mail Armor
lipelpimentel
11:17 Feudal Age
11:05 Town Watch
13:45 Double-Bit Axe
21:09 Castle Age
26:43 Castle Age
36:36 Wheelbarrow
44:07 Imperial Age
44:18 Hand Cart
45:45 Chemistry
47:10 Stone Mining
47:11 Gold Mining
55:16 Town Patrol
57:18 Elite Karambit Warrior
60:29 Stone Shaft Mining
60:29 Gold Shaft Mining
60:08 Bow Saw
60:25 Bombard Tower
Vengefulone
11:56 Feudal Age
13:37 Double-Bit Axe
14:15 Fletching
14:26 Scale Mail Armor
14:38 Forging
15:07 Man-at-Arms
17:43 Wheelbarrow
20:40 Horse Collar
20:59 Gold Mining
21:00 Stone Mining
25:03 Castle Age
23:46 Town Watch
24:27 Padded Archer Armor
25:57 Bow Saw
25:51 Heavy Plow
26:10 Hand Cart
26:41 Squires
26:02 Pikeman
26:03 Long Swordsman
30:05 Gold Mining
31:22 Town Patrol
31:36 Murder Holes
31:52 Masonry
33:56 Chain Mail Armor
34:17 Iron Casting
33:38 Bodkin Arrow
34:00 Fortified Wall
34:11 Ballistics
34:54 Stone Mining
39:27 Imperial Age
38:28 Detinets
40:17 Gold Shaft Mining
40:40 Plate Mail Armor
41:10 Blast Furnace
39:37 Two-Handed Swordsman
42:42 Halberdier
43:09 Halberdier
44:56 Halberdier
47:52 Conscription
WINDECKO
10:39 Feudal Age
11:15 Horse Collar
11:23 Double-Bit Axe
16:59 Castle Age
15:53 Gold Mining
18:42 Bow Saw
19:09 Gold Shaft Mining
18:47 Heavy Plow
21:13 Stone Mining
24:35 Forging
26:21 Loom
27:13 Wheelbarrow
26:26 Town Watch
28:28 Treadmill Crane
29:07 Hand Cart
28:53 Town Patrol
29:31 Fletching
30:57 Ballistics
34:30 Masonry
34:30 Bodkin Arrow
36:48 Murder Holes
38:00 Stone Shaft Mining
37:50 Heated Shot
39:37 Gambesons
39:39 Pikeman
39:51 Elite Skirmisher
45:32 Imperial Age
44:33 Coinage
44:17 Fortified Wall
44:46 Stronghold
45:39 Padded Archer Armor
45:46 Scale Barding Armor
45:53 Heavy Cavalry Archer
46:50 Leather Archer Armor
47:14 Hoardings
46:21 Halberdier
48:47 Ring Archer Armor
48:49 Furor Celtica
49:00 Conscription
53:12 Iron Casting
53:28 Chain Barding Armor
53:26 Guilds
53:46 Cavalier
54:29 Husbandry
55:21 Paladin
Polar
12:11 Feudal Age
12:51 Town Watch
13:43 Wheelbarrow
12:57 Double-Bit Axe
13:48 Man-at-Arms
14:20 Arson
21:38 Castle Age
22:39 Hand Cart
22:29 Padded Archer Armor
22:39 Forging
22:31 Scale Mail Armor
23:35 Bow Saw
23:07 Horse Collar
26:54 Stone Mining
26:56 Gold Mining
27:00 Long Swordsman
29:14 Gold Shaft Mining
32:22 Town Patrol
35:57 Imperial Age
33:44 Squires
33:35 Gambesons
34:45 Pikeman
37:01 Conscription
41:36 Kataparuto
44:01 Halberdier
47:22 Chain Mail Armor
47:43 Iron Casting
47:24 Leather Archer Armor
48:44 Chemistry
47:51 Siege Engineers
53:09 Cavalier
53:50 Husbandry
55:00 Bloodlines
55:58 Blast Furnace
55:28 Plate Mail Armor
55:03 Scale Barding Armor
55:28 Ring Archer Armor
54:49 Fletching
56:06 Two-Handed Swordsman
Barbeitus
11:42 Feudal Age
12:37 Man-at-Arms
15:19 Forging
15:35 Horse Collar
16:24 Double-Bit Axe
18:36 Wheelbarrow
26:14 Castle Age
26:24 Gold Mining
27:27 Bow Saw
28:41 Long Swordsman
28:51 Pikeman
41:32 Hand Cart
42:41 Iron Casting
45:06 Imperial Age
44:01 Squires
44:26 Scale Mail Armor
45:07 Capped Ram
45:50 Siege Ram
45:56 Legionary
46:51 Heavy Plow
48:16 Fortified Wall
51:07 Halberdier
Connection lost

Rejoining the realm…

Still unreachable

The connection could not be restored.

Session expired

The server has moved on; the page needs a fresh start.